 Dungeon Crawl Stone Soup version 0.31-a0-358-gac0dbeb3ab (webtiles) character file.

Game seed: 17442038651376840268

56 Newt the Changeling (level 3, 0/30 HPs)
             Began as a Merfolk Shapeshifter on July 25, 2023.
             Slain by a sleepcap (15 damage)
             ... on level 3 of the Dungeon.
             The game lasted 00:01:15 (1374 turns).

Newt the Changeling (Merfolk Shapeshifter)          Turns: 1374, Time: 00:01:16

Health: 0/30       AC:  6    Str: 17    XL:     3   Next: 97%
Magic:  3/3        EV:  2    Int:  7    God:
Gold:   207        SH:  0    Dex: 14    Spells: 2/2 levels left

rFire   . . .        f - +0 spear
rCold   . . .        (no shield)
rNeg    . . .        l - +3 leather armour
rPois   .            (helmet currently unavailable)
rElec   .            (cloak currently unavailable)
rCorr   .            (gloves currently unavailable)
SInv    .            (boots currently unavailable)
Will    .....        (no amulet)
Stlth   +            (no ring)
HPRegen 0.25/turn    (no ring)
MPRegen 0.08/turn

%: no passive effects
@: beast-form, sleeping
A: beast (slay +2), (nimble swimmer 2), mertail
a: Begin Untransformation


You were on level 3 of the Dungeon.
You were a hulking beast.
You visited 1 branch of the dungeon, and saw 3 of its levels.

You collected 207 gold pieces.

Inventory:

Hand Weapons
 f - a +0 spear (weapon)
Armour
 a - a +1 animal skin
 l - a +3 leather armour (worn)
Jewellery
 h - a ring of fire
Talismans
 c - a beast talisman
Scrolls
 d - a scroll of immolation
 e - a scroll of silence
 k - a scroll of teleportation
 m - a scroll of noise {unknown}
Potions
 b - a potion of lignification
 g - 2 potions of haste
 i - a potion of mutation
 j - a potion of resistance {unknown}


   Skills:
 - Level 4.0 Fighting
 + Level 0.7 Polearms
 - Level 2.6 Dodging
 - Level 3.2 Unarmed Combat
 - Level 4.0 Shapeshifting


You had 2 spell levels left.
You didn't know any spells.
Your spell library was empty.

Dungeon Overview and Level Annotations

Branches:
Dungeon (3/15)

Altars:


Innate Abilities, Weirdness & Mutations

You are a hulking beast.
Your limbs bulge with bestial killing power. (Slay +2)
((You are very nimble when in or above water. (Stealth+, EV+, Speed+++)))
Your lower body shifts to a powerful aquatic tail in water.


Message History

The sleepcap completely misses you.
You hit the sleepcap but do no damage.
The sleepcap is moderately damaged.
The sleepcap closely misses you.
You hit the sleepcap but do no damage.
The sleepcap is moderately damaged.
The sleepcap releases spores at you.
You are engulfed in a cloud of soporific spores!
You fall asleep.
The sleepcap releases spores at you but does no damage.
The sleepcap releases spores at you!
You wake up.
You hear a shout!
You hit the sleepcap but do no damage.
The sleepcap is moderately damaged.
You hear a shout! x2
The sleepcap closely misses you.
An orc comes into view. It is wielding a +0 hand axe.
You hear a shout!
You puncture the sleepcap!
The sleepcap is heavily damaged.
The sleepcap closely misses you.
You hit the sleepcap but do no damage.
The sleepcap is heavily damaged.
The sleepcap barely misses you. The orc hits you but does no damage.
There are monsters nearby!
Unknown command.
You hit the sleepcap.
The sleepcap is heavily damaged.
The sleepcap releases spores at you but does no damage.
The orc closely misses you.
You hit the sleepcap.
The sleepcap is heavily damaged.
The sleepcap releases spores at you.
You are engulfed in a cloud of soporific spores!
You fall asleep.
The orc hits you but does no damage.
An orc wizard comes into view. It is wielding a +0 dagger.
The sleepcap releases spores at you!
Ouch! That really hurt!
You die...

## #. . #. #. #. ##..#.
...#.### #.##. ....o
#.#.. #fo# #.#.# #h###
#.#.##+##...# #####
#.#.#.......# ....#
#.#.#.......# ....#
#.#.#.......##.
....####.#.#...........
....##.....'......###...
....##.#.#.#......# ..
....##.#...+......# .


You could see a sleepcap, an orc wizard and an orc.

Vanquished Creatures
  2 adders (D:2)
  3 dart slugs
  4 endoplasms
  8 hobgoblins
  2 kobolds
  2 quokkas
  A frilled lizard (D:2)
  3 goblins (D:2)
  6 rats
31 creatures vanquished.

Notes
Turn   | Place    | Note
-------+----------+-------------------------------------------
     0 | D:1      | Newt the Merfolk Shapeshifter began the quest for the Orb.
     0 | D:1      | Reached XP level 1. HP: 15/15 MP: 1/1
   130 | D:1      | Reached XP level 2. HP: 12/22 MP: 2/2
   697 | D:2      | Reached XP level 3. HP: 29/29 MP: 3/3
   936 | D:2      | Found a faded altar of an unknown god.
  1374 | D:3      | Slain by a sleepcap

Illustrated notes

Levels and vault maps discovered:
D:1:      elethiomel_arrival_infinity_welcomes_careful_drivers, layout_basic,
          st_stairs_1
D:2:      layout_basic, nicolae_ecumenical_oubliette, minmay_heptomino_d4
D:3:      layout_basic, lemuel_round_altar

Skill      XL: |  1  2  3 |
---------------+----------+-----
Fighting       | 2 3 4 |  4.0
Polearms       | |  0.7
Dodging        | |  2.6
Unarmed Combat | |  3.2
Shapeshifting  | |  4.0

Action                     || total
---------------------------++-------
  Melee: Unarmed           ||    14
         Spear             ||    87
    Use: Scroll            ||     5
         Potion            ||     1
   Stab: Sleeping          ||     2
 Armour: Animal skin       ||     8
         Leather armour    ||    10
  Dodge: Dodged            ||    41

Table legend: (Time is in decaauts)
 A = Elapsed time spent in this place.
 B = Non-inter-level travel time spent in this place.
 C = Inter-level travel time spent in this place.
 D = Time resting spent in this place.
 E = Time spent auto-exploring this place.
 F = Levels seen in this place.
 G = Mean time per level.
                   A        B        C        D        E       F      G
               +--------+--------+--------+--------+--------+-----+--------+
         Total |   1361 |   1334 |     27 |    138 |    969 |   3 |  453.7 |
       Dungeon |   1361 |   1334 |     27 |    138 |    969 |   3 |  453.7 |
               +--------+--------+--------+--------+--------+-----+--------+

Top non-repeatable levels by time:
     D:1: 653 daAuts
     D:2: 640 daAuts
     D:3: 67 daAuts
